 Dungeon Crawl Stone Soup version 0.17-a0-1899-ge84b1df (webtiles) character file.

1204048 haldagan the Talismancer (level 27, -41/268 HPs)
             Began as a Deep Dwarf Chaos Knight on Sept 24, 2015.
             Was the Champion of Makhleb.
             Killed from afar by Cerebov (52 damage)
             ... with a great blast of fire
             ... in Pandemonium.
             The game lasted 06:27:56 (79167 turns).

haldagan the Talismancer (Deep Dwarf Chaos Knight) Turns: 79167, Time: 06:27:56

Health: -41/268    AC: 48    Str: 36    XL:     27
Magic:  11/12      EV: 15    Int: 12    God:    Makhleb [******]
Gold:   10891      SH: 31    Dex:  9    Spells: 10 memorised, 19 levels left

rFire  + . .     SeeInvis +     Z - +9 eveningstar (holy)
rCold  + + +     Clarity  +     P - +3 gold dragon armour
rNeg   + . .     SustAt   .     p - +5 large shield of Ceill {rC+ rCorr Str+3 Int-2}
rPois  +         Gourm    .     a - +0 mask of the Dragon {MR+ Slay+3 SInv}
rElec  +         Spirit   .     c - +2 cloak of the Thief {+Fog Slay-2 SInv Stlth+}
rCorr  +         Warding  .     E - +2 pair of gloves "Tafac" {Slay+5}
rMut   .         Stasis   .     (no boots)
MR     +++++                    (no amulet)
Stlth  ..........               K - ring of Xom's Indignation {rPois rC+ Str+3 Int-3}
                                G - ring "Kaomnar" {+Fly AC+6 Str+5 Int+4 Stlth+}

@: resistant, fire vulnerable, very slightly contaminated, non-regenerating,
almost entirely resistant to hostile enchantments, extremely unstealthy
A: damage resistance, recharge devices, antennae 1, icy blue scales 1,
iridescent scales 1, rough black scales 1, berserk 1, blurry vision 1, clarity,
clumsy 2, deformed body, dopey 1, frail 1, mutation resistance 1, negative
energy resistance 1, sense surroundings 3, shaggy fur 1, slow healing 3, subdued
magic 1
a: Device Recharging, Minor Destruction, Lesser Servant of Makhleb, Major
Destruction, Greater Servant of Makhleb, Renounce Religion, Evoke Fog, Evoke
Flight
}: 13/15 runes: barnacled, slimy, silver, golden, iron, obsidian, icy, bone,
abyssal, demonic, glowing, dark, gossamer


You were in Pandemonium.
You worshipped Makhleb.
Makhleb was exalted by your worship.
You were very full.

You visited 18 branches of the dungeon, and saw 94 of its levels.
You visited Pandemonium 2 times, and saw 23 of its levels.
You visited the Abyss 1 time.
You visited 1 bazaar.
You visited 1 ziggurat, and saw 14 of its levels.
You also visited: Labyrinth, Trove, Ice Cave and Wizlab.

You collected 14009 gold pieces.
You spent 2819 gold pieces at shops.

Inventory:

Hand weapons
 n - the +7 Sceptre of Asmodeus
   (You took it off Asmodeus on level 7 of Gehenna)
 J - the +4 Staff of Dispater
   (You took it off Dispater on level 7 of the Iron City of Dis)
 X - the +8 mithril axe "Arga" {speed, MR+ Str+2}
   (Xom gifted it to you on level 12 of the Dungeon)

   Attacks with this weapon are significantly faster.
   It affects your strength (+2).
   It affects your resistance to hostile enchantments.
 Z - a +9 eveningstar of holy wrath (weapon)
Armour
 a - the +0 mask of the Dragon (worn) {MR+ Slay+3 SInv}
   (You found it on level 4 of the Shoals)

   It affects your accuracy and damage with ranged weapons and melee attacks
   (+3).
   It affects your resistance to hostile enchantments.
   It lets you see invisible.
 c - the +2 cloak of the Thief (worn) {+Fog Slay-2 SInv Stlth+}
   (You found it on level 12 of a ziggurat)

   It affects your accuracy and damage with ranged weapons and melee attacks
   (-2).
   It lets you see invisible.
   It can be evoked to emit clouds of fog.
   It makes you more stealthy.
 p - the +5 large shield of Ceill (worn) {rC+ rCorr Str+3 Int-2}
   (You found it on level 1 of the Crypt)

   It affects your strength (+3).
   It affects your intelligence (-2).
   It protects you from cold.
   It protects you from acid and corrosion.
 s - the +0 pair of boots of Baldness {rPois rF- Slay+4}
   (Xom gifted it to you on level 8 of the Dungeon)

   It affects your accuracy and damage with ranged weapons and melee attacks
   (+4).
   It makes you vulnerable to fire.
   It protects you from poison.
 E - the +2 pair of gloves "Tafac" (worn) {Slay+5}
   (You took it off Nikola on level 4 of the Shoals)

   It affects your accuracy and damage with ranged weapons and melee attacks
   (+5).
 P - a +3 gold dragon armour (worn)
Rods
 B - a +9 rod of clouds (11/13)
   (You found it on level 6 of a ziggurat)
 C - a +8 rod of the swarm (15/15)
   (You found it on level 2 of a ziggurat)
 D - a +9 rod of shadows (9/17)
   (You found it on level 13 of a ziggurat)
Jewellery
 m - a +4 ring of slaying
 q - the amulet of Cekugob {Ward -Tele rElec rPois rN++ AC+1 EV+1}
   (You found it on level 6 of the Pits of Slime)

   [amulet of warding]

   It may prevent the melee attacks of summoned creatures.
   It affects your AC (+1).
   It affects your evasion (+1).
   It insulates you from electricity.
   It protects you from poison.
   It greatly protects you from negative energy.
   It prevents most forms of teleportation.
 t - the ring "Jifaufree" {SustAt Str+4}
   (You found it in a treasure trove)

   [ring of sustain attributes]

   It sustains your strength, intelligence and dexterity.
   It affects your strength (+4).
 G - the ring "Kaomnar" (left hand) {+Fly AC+6 Str+5 Int+4 Stlth+}
   (You found it on level 4 of the Shoals)

   [ring of protection]

   It affects your AC (+6).
   It affects your strength (+5).
   It affects your intelligence (+4).
   It lets you fly.
   It makes you more stealthy.
 I - an uncursed amulet of resist mutation
 K - the ring of Xom's Indignation (right hand) {rPois rC+ Str+3 Int-3}
   (You found it on level 7 of Gehenna)

   [ring of strength]

   It affects your strength (+3).
   It affects your intelligence (-3).
   It protects you from cold.
   It protects you from poison.
 R - a +4 ring of evasion
 U - the amulet of the Harvest {Faith rN+ Int+12 Stlth-, unknown}
   (You took it off an efreet in Pandemonium)

   [amulet of faith]

   It allows you to gain divine favour quickly.
   It affects your intelligence (+12).
   It protects you from negative energy.
   It makes you less stealthy.
Magical devices
 e - a wand of digging (8)
 v - a wand of heal wounds (0)
 z - a wand of invisibility (4)
 A - a wand of teleportation (4)
 S - a wand of disintegration (14)
 Y - a wand of teleportation (9)
Scrolls
 k - a scroll of holy word
 o - 33 scrolls of remove curse
 w - 13 scrolls of teleportation
 y - 9 scrolls of fog
 L - 2 scrolls of fear
 N - 2 scrolls of blinking
 O - a scroll of summoning
 V - 7 scrolls of identify
 W - 8 scrolls of immolation
Potions
 f - 19 potions of curing
 g - a potion of agility
 h - a potion of resistance
 i - 2 potions of berserk rage
 l - 4 potions of flight
 H - 3 potions of cancellation
Miscellaneous
 b - an ornate deck of defence {drawn: 1}
 j - the horn of Geryon (inert)
 u - a disc of storms
 x - a fan of gales
 F - a crystal ball of energy
 M - a phial of floods
 Q - a lamp of fire
 T - a sack of spiders {used: 5}
Comestibles
 d - 27 bread rations
 r - 15 meat rations


   Skills:
 O Level 27 Fighting
 - Level 19.6(24.0) Axes
 + Level 22.2(24.2) Maces & Flails
 O Level 27 Armour
 - Level 20.5 Dodging
 - Level 22.7 Shields
 - Level 17.6 Spellcasting
 - Level 16.2 Invocations
 O Level 27 Evocations


You had 19 spell levels left.
You knew the following spells:

 Your Spells              Type           Power        Failure   Level  Hunger
a - Repel Missiles        Chrm/Air       #.....       38%         2    None
b - Blink                 Tloc           N/A          38%         2    None
c - Song of Slaying       Chrm           #.......     38%         2    None
d - Phase Shift           Tloc           #.........   100%        5    ####...
e - Shatter               Erth           #.........   100%        9    #######
f - Statue Form           Trmt/Erth      #........    100%        6    ######.
g - Dispel Undead         Necr           #.......     100%        5    ####...
h - Apportation           Tloc           #.........   21%         1    None
i - Haste                 Chrm           #.......     100%        6    ######.
j - Control Undead        Necr           #.........   100%        4    ##.....


Dungeon Overview and Level Annotations

Branches:
Dungeon (15/15)            Temple (1/1) D:6            Lair (8/8) D:11
 Shoals (4/4) Lair:5       Spider (4/4) Lair:6        Slime (6/6) Lair:6
    Orc (4/4) D:11            Elf (3/3) Orc:4        Vaults (5/5) D:14
  Crypt (3/3) Vaults:2       Tomb (3/3) Crypt:3      Depths (5/5) D:15
   Hell (1/1)                 Dis (7/7) Hell            Geh (7/7) Hell
    Coc (7/7) Hell            Tar (7/7) Hell            Zot (4/5) Depths:5

Altars:
Ashenzari
Cheibriados
Dithmenos
Elyvilon
Fedhas
Gozag
Kikubaaqudgha
Makhleb
Nemelex Xobeh
Okawaru
Qazlal
Ru
Sif Muna
Trog
Vehumet
Xom
Yredelemnul
Zin
The Shining One
Beogh
Jiyva

Shops:
D:8 *   D:13 }   D:14 ?   Orc:3 (   Orc:4 [*=(   Elf:1 :   Shoals:1 =
Vaults:4 [

Portals:
Hell: Depths:1 Depths:2 Depths:3 Depths:4 Depths:5
Abyss: Depths:1 Depths:2 Depths:3 Depths:4
Pandemonium: Depths:1 Depths:3

Annotations:
Lair:4 exclusion: 4 oklob plants
Crypt:1 exclusion: door
Pan Cerebov


Innate Abilities, Weirdness & Mutations

You are resistant to damage.
You can recharge devices by infusing magical energy.
You resist negative energy.
You passively map a large area around you.
You do not heal naturally.
You have a pair of small antennae on your head.
You are partially covered in icy blue scales (AC +1).
You are partially covered in iridescent scales (AC +4).
You are partially covered in rough black scales (AC +4, Dex -1).
You tend to lose your temper in combat.
Scrolls take you a little longer to read.
You possess an exceptional clarity of mind.
You are very clumsy. (Dex -4)
Armour fits poorly on your strangely shaped body.
You are dopey. (Int -2)
You are frail (-10% HP).
You are somewhat resistant to further mutation.
You are covered in fur (AC +1).
Your spells are a little easier to cast, but a little less powerful.


Message History

Really read with blurry vision while enemies are nearby?
Cerebov hits your ynoxinul with a great serpentine sword {flame}!!
Cerebov burns your ynoxinul!
Your ynoxinul dies!
You begin reading the scroll.
You continue reading the scroll.
Send 'em back where they came from!
Your balrug dissolves into shadows!
Your sun demon dissolves into shadows!
Your sun demon dissolves into shadows!
Your balrug dissolves into shadows!
Your sun demon dissolves into shadows!
Blink to where?
Press: ? - help, Dir - move target cursor
As you read the scroll of blinking, it crumbles to dust.
Found a twisted runed staff and 20 gold pieces.
You see here a twisted runed staff.
Read which item? (? for menu, Esc to quit)
You begin reading the scroll.
You continue reading the scroll.
Cerebov gestures at you.
A raging storm of fire appears!
The great blast of fire engulfs you! You partially resist.
You die...

,*,,,,,*,,,*,,,,,,,,,*
,*******,,,*,,,,,,,,,*
,*,,,,,*,,,***,,,,,,,*
**,***,**+**.##,,,,,,*
,,,***,,,,,,..#*,,,,,*
****,*******#..*,,...#
****,*******#.#####..# ###
**.......,,*#.#...#..# #..
**........,*#.'3@$#..# #..
**........,*#&#...#..# *#...
**,......#**#§#####..# #.#..
*,,##....####§§§#....# ####.##..
*,##......§§&§.§.....## #.#.###..
φ,#......§§§§§§§.))...# ##)###...
#.*#.....§§§..§..)..))###)##...##
#..##.§.§####...#...)...)))(.###
*#...^vv§####.#####.)##..##.#####


You could see Cerebov and a friendly sun demon.

Vanquished Creatures
  the royal jelly (Slime:6)
  Ereshkigal (Tar:7)
  7 ancient liches
  Mnoleg (Pan)
  Dispater (Dis:7)
  An orb of fire (Zot:2)
  5 juggernauts
  4 pandemonium lords (Pan)
  24 greater mummies
  Sojobo (Depths:1)
  The ghost of Restia the Slayer, a great FoFi of Qazlal (Vaults:5)
  The ghost of Fizybubbleh the Wrestler, a great TrMo of Okawaru (Vaults:5)
  Margery (Vaults:2)
  Saint Roka (Depths:1)
  A curse toe (Zot:3)
  2 shard shrikes (Coc:7)
  2 Killer Klowns
  A profane servitor (Zig:11)
  7 golden dragons
  The ghost of Shredu92 the Phalangite, a mighty HOFi of Ashenzari (Slime:5)
  The ghost of drd the Slingshot, a great DsFi of Cheibriados (Vaults:5)
  Xtahua (Depths:4)
  4 bone dragons
  6 liches
  13 Brimstone Fiends
  A hellephant (Abyss:1)
  3 electric golems
  Rupert (Lair:6)
  19 tentacled monstrosities
  14 Hell Sentinels
  11 Ice Fiends
  7 titans
  13 Shadow Fiends
  5 deep elf blademasters
  5 deep elf master archers
  4 quicksilver dragons
  23 acid blobs
  3 krakens
  22 Executioners (Pan)
  3 tentacled starspawn (Abyss:1)
  10 sphinxes
  3 ancient champions
  Polyphemus (Shoals:2)
  5 death cobs
  Agnes (D:14)
  Kirke (Lair:7)
  7 shadow dragons
  An octopode crusher (Depths:2)
  8 storm dragons
  6 azure jellies (Slime:6)
  9 tengu reavers
  11 draconian monks
  Roxanne (Spider:3)
  A daeva (Abyss:1)
  A greater naga (Zig:5)
  6 revenants
  Ilsuiw (Shoals:4)
  15 fire giants
  Donald (Shoals:4)
  9 deep elf sorcerers
  An orc warlord (Zig:7)
  12 frost giants
  3 draconian knights
  12 draconian shifters
  11 iron dragons
  12 vault wardens
  3 draconian scorchers
  9 ghost moths
  6 warmongers (Pan)
  Aizul (Depths:1)
  Louise (Depths:4)
  21 balrugs
  39 reapers
  5 draconian zealots
  11 curse skulls
  12 cacodemons
  4 emperor scorpions
  A juggernaut zombie (Hell)
  13 ironheart preservers
  3 ghouls
  6 spriggan defenders
  19 very ugly things
  15 war gargoyles
  A caustic shrike skeleton (Zig:8)
  5 draconian annihilators
  5 vampire knights
  27 stone giants
  An ophan (Abyss:1)
  5 draconian callers
  9 deep elf demonologists
  2 elemental wellsprings (Coc:7)
  5 salamander firebrands
  2 corrupters (Pan)
  6 green draconians
  A blood saint (Pan)
  15 deep elf annihilators
  5 chaos champions
  9 mottled draconians
  6 black draconians
  8 red draconians
  3 yellow draconians
  2 salamander stormcallers
  5 lorocyprocas (Pan)
  13 white draconians
  A dire elephant (shapeshifter) (Zig:6)
  21 purple draconians
  4 bennus
  2 dire elephants (Zig:3)
  14 ettins
  6 merfolk javelineers (Shoals:4)
  4 black suns (Pan)
  13 blizzard demons
  6 deep elf death magi
  7 eidola
  3 green deaths
  18 mummy priests
  20 fire dragons
  A crystal guardian (Vaults:5)
  35 vault guards
  7 merfolk impalers
  5 death oozes (Slime:6)
  3 quicksilver dragon zombies
  6 deep elf high priests
  2 jiangshi (Crypt:1)
  A juggernaut simulacrum (Depths:3)
  19 yaktaur captains
  A minotaur (Lab)
  Fannar (Lair:3)
  12 great orbs of eyes
  4 rakshasas
  12 hydras
  11 centaur warriors
  A naga warrior (Zig:5)
  3 catoblepae
  A death knight (Crypt:1)
  An anaconda (Zig:5)
  2 ghost crabs
  22 ice dragons
  4 hell beasts (Pan)
  3 quicksilver dragon skeletons
  6 merfolk aquamancers
  8 entropy weavers
  2 monstrous demonspawn (Pan)
  9 statues (WizLab)
  15 ogre magi
  6 spriggan air magi
  2 alligators
  14 dancing weapons (Elf:2)
  An alligator snapping turtle (Shoals:4)
  7 merfolk avatars
  8 deep troll earth magi
  2 satyrs (Shoals:2)
  6 vampire magi
  7 death yaks
  5 titan zombies
  11 deep troll shamans
  A queen ant (Lair:1)
  2 orc high priests
  The ghost of EuServersOMG the Spear-Bearer, an experienced FoFi of Qazlal (Lair:1)
  2 tengu warriors
  3 hell hogs (Geh:1)
  57 hell knights
  A shock serpent (Zig:1)
  22 soul eaters
  2 storm dragon zombies
  A naga sharpshooter (Zig:5)
  8 spriggan berserkers
  A spriggan (Depths:3)
  24 sun demons
  The ghost of Zigma the Grappler, an experienced DrMo of Ashenzari (D:8)
  10 iron golems
  2 thrashing horrors (Abyss:1)
  A titan skeleton (Tomb:3)
  A salamander mystic (Geh:2)
  3 wretched stars (Abyss:1)
  16 deep elf knights
  66 skeletal warriors
  4 wizards
  2 storm dragon skeletons
  5 unseen horrors
  3 ghost moth zombies
  4 golden dragon zombies
  A spatial maelstrom (Abyss:1)
  20 flayed ghosts
  2 death drakes
  11 shadow wraiths
  7 torturous demonspawn (Pan)
  22 ice devils
  15 iron trolls
  8 starcursed masses (Abyss:1)
  A giant orange brain (shapeshifter) (Vaults:5)
  12 shadow demons
  3 spriggan druids (Zig:9)
  29 anubis guards
  2 unseen horrors (shapeshifter) (Vaults:4)
  11 hill giants
  8 sea snakes
  4 tengu zombies
  16 ironbrand convokers
  18 deep trolls
  4 ice statues
  27 death scarabs
  9 giant orange brains
  4 infernal demonspawn (Pan)
  A lindwurm (shapeshifter) (Depths:3)
  19 necromancers
  15 deep elf summoners
  2 anaconda zombies
  5 putrid demonspawn (Pan)
  Pikel (D:6)
  A lindwurm (Lair:8)
  5 shadow dragon zombies
  A griffon (shapeshifter) (Vaults:5)
  15 griffons
  An iron dragon zombie (Geh:5)
  16 phantasmal warriors
  2 gelid demonspawn (Pan)
  25 wolf spiders
  3 golden dragon skeletons
  15 orc knights
  4 anaconda skeletons
  2 fauns (shapeshifter)
  5 orc sorcerers
  6 frost giant zombies
  3 wolf spider zombies
  3 fire giant zombies
  4 salamanders
  23 harpies
  2 manticores
  21 orb spiders
  4 water nymphs
  14 hornets
  16 fauns
  4 stone giant zombies
  14 cyclopes
  4 shadow dragon skeletons
  15 sixfirhies
  15 deep elf conjurers
  38 rust devils
  An oklob plant (Lair:4)
  7 fire giant skeletons
  A salamander (shapeshifter) (Depths:4)
  34 ugly things
  3 iron dragon skeletons
  2 shining eyes
  24 moths of wrath
  3 apocalypse crabs (Abyss:1)
  2 centaur zombies
  2 dire elephant zombies
  Maurice (Orc:1)
  4 black mambas
  3 stone giant skeletons
  An octopode (shapeshifter) (Depths:5)
  14 sirens
  A titan simulacrum (Tar:4)
  Joseph (D:7)
  2 shock serpent zombies
  35 smoke demons
  5 storm dragon simulacra (Coc:7)
  10 vault sentinels
  6 frost giant skeletons
  9 efreet
  An eye of devastation (Depths:4)
  7 gargoyles
  16 elephants
  An orange crystal statue (D:12)
  2 naga magi (Zig:5)
  10 spiny frogs
  4 torpor snails
  3 molten gargoyles
  9 demonic crawlers
  A yellow draconian zombie (Crypt:2)
  A dire elephant skeleton (Geh:3)
  A catoblepas zombie (Tar:5)
  20 orange demons (Pan)
  An emperor scorpion zombie (Coc:7)
  3 spriggan zombies
  A yaktaur zombie (Vaults:1)
  6 kobold demonologists
  2 komodo dragons (shapeshifter)
  12 komodo dragons
  5 anaconda simulacra
  15 hellions
  19 freezing wraiths
  49 yaktaurs
  3 fire drakes
  43 guardian mummies
  9 hydra zombies
  23 hellwings
  2 ancient zymes (Abyss:1)
  2 silent spectres
  6 tengu conjurers
  2 giant leeches
  19 tormentors
  A queen ant zombie (Crypt:2)
  36 red devils
  2 polar bears (Lair:8)
  2 harpy zombies
  22 jumping spiders
  28 merfolk
  A merfolk (shapeshifter) (Depths:2)
  21 deep elf priests
  A giant leech (shapeshifter) (Depths:3)
  A two-headed ogre (shapeshifter) (Vaults:2)
  5 wind drakes
  65 slime creatures
  6 raiju (Abyss:1)
  23 blink frogs
  18 blue devils
  3 trolls
  An ice dragon zombie (Geh:4)
  A frost giant simulacrum (Tar:5)
  3 ettin zombies
  A harpy skeleton (Tar:5)
  6 boulder beetles
  20 two-headed ogres
  A wolf spider simulacrum (Coc:7)
  A satyr zombie (Crypt:1)
  3 alligator zombies
  3 fire dragon zombies
  9 ushabtiu
  A guardian serpent zombie (Crypt:2)
  8 hydra skeletons
  2 bog bodies
  107 flying skulls
  8 snapping turtles
  37 trapdoor spiders
  An alligator skeleton (Coc:7)
  A trapdoor spider (shapeshifter) (Vaults:5)
  46 redbacks
  4 fire dragon skeletons
  A black mamba zombie (Tar:5)
  3 ettin skeletons
  3 spriggan skeletons
  3 redbacks (shapeshifter)
  42 deep elf magi
  21 water elementals
  4 wyverns
  28 shadows
  3 ice dragon skeletons (Coc:7)
  19 tarantellas
  11 vampires
  14 fire elementals
  2 tarantellas (shapeshifter)
  16 ynoxinuls
  18 hungry ghosts
  Eustachio (D:4)
  A black mamba skeleton (Geh:5)
  71 yaks
  5 air elementals
  13 hippogriffs
  A hog (shapeshifter) (Vaults:5)
  A human (D:8)
  10 golden eyes
  19 wraiths
  8 neqoxecs
  41 deep elf fighters
  2 chaos spawn
  A steam dragon (D:12)
  A hog (D:8)
  9 vampire mosquitoes
  5 basilisks
  2 mottled dragons
  A naga (Zig:1)
  22 wolves
  A yaktaur simulacrum (Vaults:2)
  7 soldier ants (Lair:1)
  A merfolk zombie (Tar:7)
  7 wargs
  3 hydra simulacra
  4 insubstantial wisps
  19 water moccasins
  An infernal demonspawn zombie (Crypt:2)
  4 sky beasts
  A wasp (shapeshifter) (Vaults:3)
  Duvessa (D:5)
  47 hell hounds
  A spiny frog skeleton (Pan)
  3 swamp drakes
  9 porcupines
  A merfolk skeleton (Crypt:3)
  4 slaves (D:6)
  4 snapping turtle zombies
  17 spiders
  2 swamp dragon zombies
  An alligator simulacrum (Hell)
  15 boggarts
  2 manticore zombies
  6 spiny frog zombies
  35 orc warriors
  A hog zombie (Crypt:1)
  An orc skeleton (Vaults:2)
  5 phantoms
  6 eyes of draining
  20 crocodiles
  3 wasps
  19 ice beasts
  An ettin simulacrum (Crypt:1)
  A manticore skeleton (Crypt:3)
  49 ogres
  3 snapping turtle skeletons
  14 centaurs
  16 large abominations
  9 necrophages
  A swamp dragon skeleton (Tomb:1)
  10 big kobolds
  An elf skeleton (Vaults:2)
  A brain worm (Pan)
  An ogre simulacrum (Vaults:1)
  The ghost of Gaunah the Dealer of Despair, an average DENe of Kikubaaqudgha (D:4)
  A glowing shapeshifter simulacrum (Vaults:1)
  16 giant frogs
  An earth elemental (Abyss:1)
  Dowan (D:5)
  4 human skeletons
  3 spiny frog simulacra
  14 small abominations
  3 wyvern skeletons
  3 scorpions
  A killer bee (shapeshifter) (D:6)
  A warg skeleton (Crypt:1)
  13 killer bees
  3 human simulacra
  A swamp dragon simulacrum (Coc:7)
  15 crimson imps
  59 wights
  An electric eel (Spider:2)
  A wolf skeleton (Crypt:1)
  A quasit (D:8)
  22 jellies
  A wasp zombie (Crypt:2)
  2 giant frog zombies
  5 hounds
  20 orc priests
  25 orc wizards
  31 worker ants
  21 iron imps
  5 centaur skeletons
  11 iguanas
  4 giant frog skeletons
  6 hell rats (Lair:4)
  24 sheep
  A naga zombie (Geh:6)
  A tengu skeleton (Pan)
  A hound zombie (D:5)
  A hound skeleton (D:5)
  55 mummies
  A river rat (shapeshifter) (D:6)
  7 gnolls
  67 river rats
  11 adders
  A giant eyeball (Pan)
  12 shadow imps
  8 white imps
  2 oozes
  3 ufetubi (Abyss:1)
  3 worms
  4 adder skeletons
  10 giant geckos
  140 orcs
  2 ball pythons (D:3)
  7 giant cockroaches
  6 goblins
  7 hobgoblins
  19 jackals
  4 quokkas
  A ball python skeleton (D:5)
  10 bats
  A giant cockroach zombie (Crypt:2)
  A giant gecko skeleton (D:5)
  6 giant newts
  3 jackal skeletons
  40 kobolds
  A kobold zombie (Hell)
  A quokka skeleton (D:4)
  A quokka zombie (D:5)
  6 rats
  A bush (Lair:8)
  4 fire vortices
  A fungus (D:15)
  2 lost souls
  9 plants
  2 starspawn tentacles (Abyss:1)
  10 tentacles
  A tentacle segment (Shoals:4)
4384 creatures vanquished.

Vanquished Creatures (collateral kills)
  Antaeus (Coc:7)
  Asmodeus (Geh:7)
  Gloorx Vloq (Pan)
  the Serpent of Hell (Coc:7)
  A pandemonium lord (Pan)
  3 greater mummies (Tomb:1)
  Geryon (Hell)
  Nikola (Shoals:4)
  A Brimstone Fiend (Geh:7)
  2 tentacled monstrosities (Pan)
  2 Ice Fiends (Pan)
  A Shadow Fiend (Tar:4)
  2 acid blobs (Slime:3)
  An iron dragon (Dis:7)
  A caustic shrike zombie (D:15)
  2 cacodemons
  A reaper (Pan)
  A war gargoyle (Dis:7)
  A corrupter (Pan)
  A hydra (Lair:5)
  A hell beast (Pan)
  3 centaur warriors (D:15)
  2 merfolk avatars (Shoals:4)
  Erica (D:8)
  A merfolk aquamancer (Shoals:4)
  3 skeletal warriors
  3 sea snakes (Shoals:4)
  A death scarab (Tomb:1)
  5 anubis guards (Tomb:3)
  An infernal demonspawn (Pan)
  A wolf spider zombie (D:14)
  2 hill giants
  A wizard (D:14)
  A water nymph (Shoals:4)
  A frost giant zombie (D:15)
  2 orc sorcerers (Orc:4)
  A shining eye (Pan)
  An ugly thing (D:15)
  3 sixfirhies (Pan)
  A griffon (Shoals:4)
  A rust devil (Hell)
  3 orange demons (Pan)
  2 eyes of devastation (Pan)
  A gargoyle (D:15)
  A hellion (Geh:7)
  A centaur skeleton (D:15)
  An efreet (Pan)
  2 freezing wraiths
  A blue devil (Dis:7)
  3 guardian mummies (Tomb:3)
  2 tormentors
  A troll (D:14)
  A slime creature (Slime:6)
  An ice dragon zombie (Geh:7)
  An ushabti (Tomb:1)
  A wraith (Dis:7)
  2 shadows (Tar:7)
  A hungry ghost (D:14)
  2 flying skulls (Tar:4)
  2 neqoxecs (Pan)
  2 golden eyes (Pan)
  A hog (Lair:7)
  4 large abominations (Pan)
  A water elemental (Shoals:4)
  An alligator simulacrum (Coc:7)
  An eye of draining (D:15)
  A phantom (D:8)
  A spiny frog skeleton (Tomb:3)
  A centaur (D:8)
  4 ice beasts
  8 orc warriors
  A boggart (D:15)
  An ogre (D:8)
  2 brain worms (Pan)
  A wyvern skeleton (D:14)
  A wight (Tar:4)
  2 orc wizards (Orc:4)
  2 orc priests
  A lightning spire (Zig:9)
  A mummy (Tomb:1)
  10 orcs
  2 plants (D:15)
140 creatures vanquished.

Vanquished Creatures (others)
  An octopode crusher (Depths:1)
  2 fire giants (Depths:3)
  An elemental wellspring (Coc:7)
  A naga mage (D:15)
  2 ice dragons
  A death yak (Lair:8)
  25 death scarabs (Tomb:2)
  A hell knight (Geh:7)
  A shadow dragon zombie (Geh:7)
  A wolf spider zombie (Dis:7)
  A frost giant skeleton (Tomb:2)
  A storm dragon simulacrum (Coc:7)
  A moth of wrath (Spider:4)
  A fire dragon zombie (Geh:7)
  5 flying skulls
  A dire elephant simulacrum (Tomb:3)
  A fire dragon skeleton (Geh:7)
  2 humans (Lair:7)
  2 vampire mosquitoes (Vaults:2)
  A water moccasin (Lair:7)
  A swamp dragon zombie (Geh:7)
  A necrophage (Geh:2)
  2 big kobolds
  2 iron imps (Dis:7)
  A mummy (Tomb:2)
  A bush (Lair:8)
  A fire vortex (Shoals:1)
  13 fungi
  13 lost souls
  A lurking horror (Abyss:1)
  18 plants
  8 starspawn tentacles (Abyss:1)
  108 starspawn tentacle segments (Abyss:1)
  12 tentacles
  492 tentacle segments
726 creatures vanquished.

Grand Total: 5250 creatures vanquished

Notes
Turn   | Place    | Note
--------------------------------------------------------------
     0 | D:1      | haldagan the Deep Dwarf Chaos Knight began the quest for the Orb.
     0 | D:1      | Reached XP level 1. HP: 20/20 MP: 1/1
   172 | D:1      | XOM: harmless Trmt miscast
   182 | D:1      | XOM: divination: detect creatures
   297 | D:1      | XOM: polymorph ball python -> jackal
   341 | D:1      | Reached XP level 2. HP: 27/27 MP: 2/2
   684 | D:1      | XOM: god gift: ivory wand {god gift}
  1081 | D:2      | Reached skill level 4 in Axes
  1245 | D:2      | XOM: give mutations
  1245 | D:2      | Gained mutation: You can spit weak poison. [Xom's grace]
  1245 | D:2      | Gained mutation: You are robust (+10% HP). [Xom's grace]
  1245 | D:2      | Gained mutation: You have a pair of small antennae on your head. [Xom's grace]
  1299 | D:2      | Reached XP level 3. HP: 23/36 MP: 3/3
  1815 | D:3      | XOM: vitrification
  1901 | D:3      | Noticed a sky beast
  1989 | D:3      | XOM: 1-stop teleportation journey
  1990 | D:3      | XOM: god gift: 11 royal jellies
  2020 | D:3      | Reached XP level 4. HP: 26/44 MP: 4/4
  2049 | D:3      | XOM: swap monsters
  2057 | D:3      | Killed a sky beast
  2057 | D:3      | Reached skill level 5 in Axes
  2057 | D:3      | Reached XP level 5. HP: 17/53 MP: 5/5
  2061 | D:3      | Lost mutation: You are robust (+10% HP). [mutagenic meat]
  2063 | D:3      | Gained mutation: You tend to lose your temper in combat. [mutagenic meat]
  2064 | D:3      | Gained mutation: You are dopey. (Int -2) [mutagenic meat]
  2164 | D:3      | Found a snail-covered altar of Cheibriados.
  2182 | D:3      | XOM: god gift: 6 meat rations
  2231 | D:3      | XOM: give mutations
  2231 | D:3      | Gained mutation: You are covered in fur (AC +1). [Xom's grace]
  2231 | D:3      | Gained mutation: Your flesh is heat resistant. [Xom's grace]
  2231 | D:3      | Gained mutation: You have sharp fingernails. [Xom's grace]
  2231 | D:3      | Gained mutation: You are partially covered in rough black scales (AC +4, Dex -1). [Xom's grace]
  2242 | D:3      | Found a shadowy altar of Dithmenos.
  2256 | D:3      | XOM: give mutation
  2256 | D:3      | Gained mutation: You have an increased reservoir of magic (+10% MP). [Xom's grace]
  2428 | D:3      | XOM: vitrification
  2559 | D:3      | Found a sacrificial altar of Ru.
  2585 | D:3      | XOM: give mutations
  2585 | D:3      | Gained mutation: You are partially covered in icy blue scales (AC +1). [Xom's grace]
  2585 | D:3      | Lost mutation: You are dopey. (Int -2) [Xom's grace]
  2585 | D:3      | Gained mutation: You are agile. (Dex +2) [Xom's grace]
  2625 | D:4      | Noticed Gaunah's ghost (average DENe)
  2633 | D:3      | XOM: vitrification
  2693 | D:4      | Reached skill level 1 in Evocations
  2705 | D:4      | Killed Gaunah's ghost
  2705 | D:4      | Reached XP level 6. HP: 25/56 MP: 7/7
  2733 | D:4      | Noticed Eustachio
  2769 | D:4      | Killed Eustachio
  2867 | D:4      | Reached XP level 7. HP: 62/62 MP: 8/8
  2953 | D:4      | Found an ancient bone altar of Kikubaaqudgha.
  3205 | D:4      | XOM: colour smoke trail
  3232 | D:4      | Found an opulent altar of Gozag.
  3329 | D:4      | Reached skill level 6 in Axes
  3479 | D:5      | Entered Level 5 of the Dungeon
  3590 | D:5      | Noticed Duvessa
  3591 | D:5      | Reached skill level 5 in Dodging
  3612 | D:5      | Killed Duvessa
  3616 | D:5      | Noticed Dowan
  3616 | D:5      | XOM: harmless Conj miscast
  3632 | D:5      | Killed Dowan
  3632 | D:5      | Reached XP level 8. HP: 38/72 MP: 10/10
  3655 | D:5      | XOM: harmless Ice miscast
  3660 | D:5      | XOM: mild Conj miscast
  3684 | D:5      | Found an iron altar of Okawaru.
  3834 | D:5      | Reached skill level 7 in Axes
  4155 | D:6      | Noticed Pikel
  4158 | D:6      | XOM: divination: magic mapping
  4184 | D:6      | XOM: enchant monster (bad)
  4199 | D:6      | HP: 2/73 [something (4)]
  4205 | D:6      | Killed Pikel
  4295 | D:6      | XOM: scenery: create altars
  4412 | D:6      | Found a staircase to the Ecumenical Temple.
  4473 | D:6      | Reached skill level 5 in Armour
  4536 | D:6      | XOM: silly message
  4543 | D:6      | XOM: confuse monster(s)
  4565 | D:6      | Reached skill level 8 in Axes
  4565 | D:6      | Gained mutation: You passively map the area around you. [Deep Dwarf growth]
  4565 | D:6      | Reached XP level 9. HP: 54/80 MP: 11/11
  4622 | Temple   | Entered the Ecumenical Temple
  5102 | D:7      | Reached skill level 5 in Fighting
  5102 | D:7      | Reached skill level 5 in Evocations
  5197 | D:7      | XOM: god gift: brass wand {god gift}
  5389 | D:7      | XOM: medium Divn miscast
  5409 | D:7      | Noticed Joseph
  5447 | D:7      | Killed Joseph
  5530 | D:7      | XOM: harmless Ice miscast
  5955 | D:8      | Noticed Erica
  5957 | D:8      | XOM: confuse monster(s)
  5958 | D:8      | XOM: polymorph shadow imp -> white imp
  5966 | D:8      | XOM: confuse monster(s)
  5973 | D:8      | Killed Erica
  6055 | D:8      | XOM: god gift: pair of warped boots {god gift}
  6058 | D:8      | Got a pair of warped boots {god gift}
  6064 | D:8      | Identified the +0 pair of boots of Baldness {rPois rF- Slay+4} (Xom gifted it to you on level 8 of the Dungeon)
  6115 | D:8      | Reached skill level 9 in Axes
  6305 | D:8      | Noticed Zigma's ghost (experienced DrMo)
  6313 | D:8      | XOM: fog
  6323 | D:8      | XOM: cast spell 'Stoneskin'
  6324 | D:8      | Killed Zigma's ghost
  6324 | D:8      | Reached XP level 10. HP: 34/91 MP: 11/13
  6328 | D:8      | XOM: summons friendly ufetubus
  6353 | D:8      | XOM: harmless Necr miscast
  6495 | D:8      | Found a blossoming altar of Fedhas.
  6519 | D:8      | XOM: harmless Chrm miscast
  6586 | D:8      | Found Diumnaodd's General Store.
  6686 | D:8      | XOM: give mutations
  6686 | D:8      | Gained mutation: Your muscles are strong. (Str +2) [Xom's mischief]
  6686 | D:8      | Lost mutation: You are agile. (Dex +2) [Xom's mischief]
  6820 | D:9      | XOM: 9-stop teleportation journey
  6893 | D:9      | XOM: medium Conj miscast
  7148 | D:9      | XOM: harmless Ice miscast
  7163 | D:9      | Reached skill level 10 in Axes
  7406 | D:9      | XOM: give mutation
  7406 | D:9      | Lost mutation: Your flesh is heat resistant. [Xom's mischief]
  7548 | D:10     | Entered Level 10 of the Dungeon
  7600 | D:10     | Noticed a hill giant
  7604 | D:10     | XOM: mild Chrm miscast
  7615 | D:10     | Noticed a faun
  7615 | D:10     | a hill giant changed into a faun
  7620 | D:10     | XOM: harmless Ice miscast
  7623 | D:10     | Killed a faun
  7745 | D:10     | Noticed a hill giant
  7757 | D:10     | Killed a hill giant
  8219 | D:11     | XOM: enchant monster (bad)
  8253 | D:11     | XOM: chaos cloud
  8258 | D:11     | Paralysed by you for 2 turns
  8259 | D:11     | Reached XP level 11. HP: 63/99 MP: 12/12
  8265 | D:11     | Reached skill level 10 in Dodging
  8266 | D:11     | XOM: enchant monster (good)
  8341 | D:11     | Found a staircase to the Orcish Mines.
  8383 | D:11     | Gained mutation: Armour fits poorly on your strangely shaped body. [mutagenic glow]
  8401 | D:11     | Noticed a seven-headed hydra
  8402 | D:11     | Noticed a four-headed hydra
  8404 | D:11     | Killed a seven-headed hydra
  8404 | D:11     | Reached skill level 11 in Axes
  8405 | D:11     | Killed a four-headed hydra
  8415 | D:11     | Noticed a hill giant
  8417 | D:11     | Noticed a cyclops
  8419 | D:11     | XOM: 2-stop teleportation journey
  8439 | D:11     | Noticed a hill giant
  8457 | D:11     | Killed a hill giant
  8532 | D:11     | XOM: summons 5 friendly demons
  8577 | D:11     | Noticed a hill giant
  8577 | D:11     | Noticed a hill giant
  8589 | D:11     | XOM: enchant monster (good)
  8603 | D:11     | XOM: god gift: fizzy red potion
  8605 | D:11     | Killed a hill giant
  8609 | D:11     | Gained mutation: You have sharp toenails. [potion of beneficial mutation]
  8619 | D:11     | Killed a hill giant
  8635 | D:11     | Noticed a hill giant
  8639 | D:11     | XOM: swap monsters
  8649 | D:11     | XOM: summons 5 friendly demons
  8652 | D:11     | Killed a hill giant
  8657 | D:11     | XOM: divination: magic mapping
  8878 | D:11     | XOM: potion effect (might)
  8919 | D:11     | Got a faintly glowing ring mail
  8934 | D:11     | Identified the +1 ring mail of Midnight {*Confuse rPois MR++} (You found it on level 11 of the Dungeon)
  8953 | D:11     | Found a staircase to the Lair.
  8955 | D:11     | XOM: divination: detect creatures
  8962 | D:11     | XOM: potion effect (brilliance)
  9052 | D:11     | XOM: scenery: 2 doors close
  9090 | D:11     | Killed a cyclops
  9090 | D:11     | Reached skill level 12 in Axes
  9183 | Orc:1    | Entered Level 1 of the Orcish Mines
  9195 | Orc:1    | XOM: harmless Air miscast
  9196 | Orc:1    | Noticed Maurice
  9231 | Orc:1    | Killed Maurice
  9363 | Orc:1    | XOM: harmless Pois miscast
  9517 | Orc:1    | XOM: harmless Chrm miscast
  9544 | Orc:1    | XOM: harmless Pois miscast
  9848 | Orc:2    | Found a roughly hewn altar of Beogh.
 10128 | Orc:3    | Reached XP level 12. HP: 57/109 MP: 12/12
 10128 | Orc:3    | XOM: potion effect (might)
 10184 | Orc:3    | Found a frozen archway.
 10213 | IceCv    | Entered an ice cave
 10217 | IceCv    | XOM: potion effect (brilliance)
 10231 | IceCv    | XOM: cast spell 'Excruciating Wounds'
 10238 | IceCv    | XOM: enchant monster (good)
 10250 | IceCv    | Got an ancient plate armour
 10261 | IceCv    | Identified the +4 plate armour of Reurchime {MR+ rCorr} (You found it in an ice cave)
 10278 | IceCv    | XOM: mild Air miscast
 10298 | IceCv    | XOM: confuse monster(s)
 10307 | IceCv    | XOM: potion effect (berserk rage)
 10627 | Orc:3    | Found Tetask's Antique Weapon Shop.
 10825 | Orc:4    | Entered Level 4 of the Orcish Mines
 10833 | Orc:4    | Found a staircase to the Elven Halls.
 10835 | Orc:4    | Found a labyrinth entrance.
 10847 | Lab      | Entered a labyrinth
 11101 | Lab      | XOM: divination: detect items
 11235 | Lab      | Noticed a minotaur
 11260 | Lab      | Killed a minotaur
 11288 | Lab      | Identified the Compendium of Pantheism (You found it in a labyrinth)
 11293 | Lab      | Identified the Guide on the Congealing Birds
 11379 | Orc:4    | Noticed an ettin
 11380 | Orc:4    | XOM: confuse monster(s)
 11398 | Orc:4    | Killed an ettin
 11552 | Orc:4    | XOM: silly message
 11583 | Orc:4    | Reached skill level 13 in Axes
 11583 | Orc:4    | Reached skill level 10 in Evocations
 11587 | Orc:4    | Gained mutation: Your spells are a little easier to cast, but a little less powerful. [a neqoxec]
 11589 | Orc:4    | XOM: cast spell 'Dispersal'
 11592 | Orc:4    | XOM: divination: detect items
 11599 | Orc:4    | XOM: mild Hex miscast
 11617 | Orc:4    | Found a roughly hewn altar of Beogh.
 11619 | Orc:4    | Reached skill level 10 in Armour
 11628 | Orc:4    | Noticed an orc warlord
 11631 | Orc:4    | XOM: confuse monster(s)
 11634 | Orc:4    | Noticed a catoblepas
 11634 | Orc:4    | an orc warlord changed into a catoblepas
 11635 | Orc:4    | Found Guittior's Jewellery Shop.
 11640 | Orc:4    | Found Ofridd's Antique Weapon Shop.
 11641 | Orc:4    | Killed a catoblepas
 11643 | Orc:4    | XOM: divination: detect items
 11668 | Orc:4    | Found Ohic Vaa's Antique Armour Shop.
 11698 | Orc:4    | Found Izefonish's General Store.
 11723 | Orc:4    | Bought the +8 whip "Snakebite" {curare, rPois} for 1029 gold pieces
 11741 | Orc:4    | Bought a glowing large shield for 153 gold pieces
 11774 | Orc:4    | XOM: divination: detect creatures
 11845 | Orc:4    | XOM: confuse monster(s)
 12107 | Orc:4    | XOM: colour smoke trail
 12356 | Orc:4    | Bought a scroll of enchant armour for 105 gold pieces
 12361 | Orc:4    | Bought a scroll of recharging for 133 gold pieces
 12361 | Orc:4    | Bought a scroll of identify for 28 gold pieces
 12399 | Orc:4    | XOM: harmless Tloc miscast
 12400 | Orc:4    | Bought an uncursed ring of see invisible for 150 gold pieces
 12400 | Orc:4    | Bought a +3 ring of evasion for 210 gold pieces
 12616 | Orc:3    | XOM: enchant monster (bad)
 12626 | Orc:3    | XOM: medium Fire miscast
 12881 | Lair:1   | Entered Level 1 of the Lair of Beasts
 12891 | Lair:1   | Reached skill level 1 in Maces & Flails
 12909 | Lair:1   | XOM: fake destruction
 12918 | Lair:1   | Reached skill level 1 in Shields
 12979 | Lair:1   | Reached XP level 13. HP: 79/117 MP: 10/10
 13014 | Lair:1   | XOM: give mutations
 13014 | Lair:1   | Gained mutation: Your flesh is cold resistant. [Xom's grace]
 13014 | Lair:1   | Gained mutation: Your mind is acute. (Int +2) [Xom's grace]
 13043 | Lair:1   | XOM: 4-stop teleportation journey
 13143 | Lair:1   | XOM: enchant monster (good)
 13153 | Lair:1   | XOM: 2-stop teleportation journey
 13305 | Lair:1   | XOM: give mutations
 13305 | Lair:1   | Gained mutation: You are somewhat resistant to further mutation. [Xom's grace]
 13305 | Lair:1   | Gained mutation: Your muscles are very strong. (Str +4) [Xom's grace]
 13305 | Lair:1   | Lost mutation: You are somewhat resistant to further mutation. [Xom's grace]
 13305 | Lair:1   | Gained mutation: You evolve. [Xom's grace]
 13454 | Lair:1   | Identified the Grimoire of Talismans (You found it on level 1 of the Lair of Beasts)
 13461 | Lair:1   | Learned a level 2 spell: Repel Missiles
 13487 | Lair:1   | XOM: god gift: scroll labeled PERUXO LOBIREO
 13552 | Lair:1   | XOM: vitrification
 13732 | Lair:1   | XOM: noise
 13803 | Lair:1   | XOM: noise
 13899 | Lair:1   | Noticed EuServersOMG's ghost (experienced FoFi)
 13908 | Lair:1   | XOM: harmless Fire miscast
 13921 | Lair:1   | XOM: silly message
 13924 | Lair:1   | Killed EuServersOMG's ghost
 14097 | Lair:2   | XOM: give mutations
 14097 | Lair:2   | Lost mutation: You evolve. [Xom's mischief]
 14097 | Lair:2   | Lost mutation: You have an increased reservoir of magic (+10% MP). [Xom's mischief]
 14097 | Lair:2   | Lost mutation: You have sharp toenails. [Xom's mischief]
 14097 | Lair:2   | Lost mutation: Armour fits poorly on your strangely shaped body. [Xom's mischief]
 14500 | Lair:2   | XOM: severe Erth miscast
 14575 | Lair:2   | XOM: enchant monster (good)
 14686 | Lair:2   | XOM: vitrification
 14748 | Lair:3   | XOM: fog
 14764 | Lair:3   | XOM: polymorph komodo dragon -> moth of wrath
 14975 | Lair:3   | XOM: enchant monster (bad)
 14982 | Lair:3   | Reached skill level 1 in Spellcasting
 14987 | Lair:3   | XOM: divination: detect creatures
 14990 | Lair:3   | XOM: enchant monster (bad)
 15072 | Lair:3   | XOM: 1-stop teleportation journey
 15089 | Lair:3   | Noticed Fannar
 15091 | Lair:3   | XOM: potion effect (curing)
 15094 | Lair:3   | XOM: 10-stop teleportation journey
 15144 | Lair:3   | XOM: mild Pois miscast
 15177 | Lair:3   | XOM: draining
 15204 | Lair:3   | Reached skill level 5 in Maces & Flails
 15220 | Lair:3   | Noticed Urug
 15225 | Lair:3   | Noticed Urug
 15225 | Lair:3   | Urug changed into Urug the trapdoor spider
 15230 | Lair:3   | Killed Urug the trapdoor spider
 15258 | Lair:3   | XOM: silly message
 15262 | Lair:3   | Killed Fannar
 15262 | Lair:3   | Reached skill level 5 in Shields
 15281 | Lair:3   | XOM: blink monster(s)
 15323 | Lair:3   | XOM: medium Erth miscast
 15460 | Lair:3   | XOM: confuse monster(s)
 15465 | Lair:3   | XOM: noise
 15640 | Lair:3   | XOM: silly message
 15768 | Lair:3   | XOM: divination: detect creatures
 15809 | Lair:3   | XOM: silly message
 16111 | Lair:4   | XOM: divination: detect items
 16141 | Lair:4   | XOM: potion effect (invisibility)
 16437 | Lair:4   | XOM: silly message
 16482 | Lair:4   | XOM: silly message
 16505 | Lair:4   | XOM: snakes to sticks
 16512 | Lair:4   | XOM: mild Trmt miscast
 16526 | Lair:4   | Gained mutation: You resist negative energy. [Deep Dwarf growth]
 16526 | Lair:4   | Reached XP level 14. HP: 75/129 MP: 8/8
 16701 | Lair:4   | Found an iron altar of Okawaru.
 17076 | Lair:5   | XOM: summons 9 friendly demons
 17119 | Lair:5   | XOM: potion effect (berserk rage)
 17131 | Lair:5   | XOM: cast spell 'Metabolic Englaciation'
 17133 | Lair:5   | XOM: cast spell 'Olgreb's Toxic Radiance'
 17422 | Lair:5   | XOM: destruction
 17425 | Lair:5   | XOM: summons 5 friendly demons
 17478 | Lair:5   | XOM: 2-stop teleportation journey
 17535 | Lair:5   | Found a staircase to the Shoals.
 17659 | Lair:5   | XOM: give mutations
 17659 | Lair:5   | Lost mutation: Your mind is acute. (Int +2) [Xom's mischief]
 17659 | Lair:5   | Lost mutation: Your muscles are very strong. (Str +4) [Xom's mischief]
 17659 | Lair:5   | Lost mutation: Your flesh is cold resistant. [Xom's mischief]
 17858 | Lair:6   | XOM: noise
 17939 | Lair:6   | Got a dazzling mace
 17940 | Lair:6   | Identified the +10 mace of Corporal Punishment {pain, SInv} (You found it on level 6 of the Lair of Beasts)
 17972 | Lair:6   | XOM: 1-stop teleportation journey
 17973 | Lair:6   | XOM: summons 4 hostile shadow creatures
 17992 | Lair:6   | Found a hole to the Spider Nest.
 17992 | Lair:6   | XOM: 7-stop teleportation journey
 18061 | Lair:6   | Found a viscous altar of Jiyva.
 18061 | Lair:6   | Found a staircase to the Slime Pits.
 18112 | Lair:6   | Noticed Rupert
 18129 | Lair:6   | XOM: 6-stop teleportation journey
 18160 | Lair:6   | XOM: confuse monster(s)
 18168 | Lair:6   | Killed Rupert
 18575 | Lair:6   | XOM: give mutation
 18575 | Lair:6   | Gained mutation: Your muscles are very strong. (Str +4) [Xom's grace]
 18635 | Lair:7   | XOM: noise
 18668 | Lair:7   | XOM: noise
 18670 | Lair:7   | XOM: enchant monster (bad)
 18723 | Lair:7   | XOM: noise
 18897 | Lair:7   | XOM: cast spell 'Stoneskin'
 18943 | Lair:7   | Noticed Kirke
 18943 | Lair:7   | XOM: noise
 18965 | Lair:7   | XOM: potion effect (berserk rage)
 18969 | Lair:7   | XOM: cast spell 'Dispersal'
 18971 | Lair:7   | Killed Kirke
 18981 | Lair:7   | XOM: divination: magic mapping
 19335 | Lair:7   | XOM: scenery: create altars
 19461 | Lair:8   | XOM: noise
 19461 | Lair:8   | Entered Level 8 of the Lair of Beasts
 19515 | Lair:7   | XOM: cast spell 'Olgreb's Toxic Radiance'
 19585 | Lair:7   | XOM: mild Erth miscast
 19593 | Lair:7   | XOM: enchant monster (good)
 19607 | Lair:8   | XOM: divination: detect creatures
 19621 | Lair:8   | Reached skill level 5 in Spellcasting
 19677 | Lair:8   | XOM: silly message
 19683 | Lair:8   | XOM: mild Erth miscast
 19759 | Lair:8   | XOM: divination: detect creatures
 19763 | Lair:8   | XOM: harmless Trmt miscast
 19766 | Lair:8   | XOM: silly message
 19795 | Lair:8   | Found a deep blue altar of Sif Muna.
 19862 | Lair:8   | XOM: harmless Erth miscast
 19903 | Lair:8   | XOM: silly message
 19937 | Lair:8   | XOM: potion effect (invisibility)
 19954 | Lair:8   | XOM: 1-stop teleportation journey
 20013 | Lair:8   | XOM: harmless Air miscast
 20102 | Lair:8   | XOM: fog
 20128 | Lair:8   | XOM: fog
 20179 | Lair:8   | XOM: summons 6 friendly demons
 20211 | Lair:8   | XOM: swap monsters
 20237 | Lair:8   | Reached XP level 15. HP: 78/138 MP: 8/8
 20237 | Lair:8   | XOM: divine lightning (protected)
 20241 | Lair:8   | XOM: blink monster(s)
 20251 | Lair:8   | XOM: enchant monster (good)
 20305 | Lair:8   | XOM: enchant monster (good)
 20330 | Lair:8   | Got an encrusted trident
 20331 | Lair:8   | Identified the cursed +0 trident of Peril {freeze, rElec rF+ MR+} (You found it on level 8 of the Lair of Beasts)
 20341 | Lair:8   | Identified the Handbook of the Escort and the Traveller (You found it on level 8 of the Lair of Beasts)
 20341 | Lair:8   | XOM: vitrification
 20345 | Lair:8   | Learned a level 2 spell: Blink
 20352 | Lair:8   | XOM: god gift: scroll labeled FIUMILL VEITU
 20526 | Lair:8   | XOM: god gift: silver ring {god gift}
 20910 | D:11     | XOM: 2-stop teleportation journey
 20932 | D:12     | XOM: god gift: +8 mithril axe "Arga" {speed, MR+ Str+2}
 21077 | D:12     | Learned a level 2 spell: Song of Slaying
 21210 | D:12     | XOM: summons 7 friendly demons
 21270 | D:12     | Found a shimmering altar of Xom.
 21295 | D:12     | Learned a level 5 spell: Phase Shift
 21411 | D:12     | XOM: give mutations
 21411 | D:12     | Gained mutation: You are somewhat resistant to further mutation. [Xom's grace]
 21411 | D:12     | Gained mutation: You are partially covered in iridescent scales (AC +4). [Xom's grace]
 21479 | D:11     | Killed a hill giant
 21634 | D:8      | XOM: colour smoke trail
 21742 | Temple   | Fell from the grace of Xom
 21742 | Temple   | Became a worshipper of Makhleb the Destroyer
 22139 | D:13     | Acquired Makhleb's first power
 22178 | D:13     | Reached skill level 10 in Fighting
 22318 | D:13     | Got a thick robe
 22319 | D:13     | Identified the cursed +1 robe of the Gloaming {MP+9} (You found it on level 13 of the Dungeon)
 22335 | D:13     | Found Fuuluq's Gadget Shoppe.
 22338 | D:13     | Bought a plain deck of wonders for 196 gold pieces
 22342 | D:13     | Lost mutation: You can spit weak poison. [helix card]
 22344 | D:13     | Hired Hunamiq the naga for 169 gold.
 22346 | D:13     | Hired Vocs the big kobold for 98 gold.
 22645 | D:14     | Acquired Makhleb's second power
 22734 | D:14     | Found a gate to the Vaults.
 22735 | D:14     | Noticed Agnes
 22738 | D:14     | Killed Agnes
 22785 | D:14     | Reached skill level 10 in Shields
 23108 | D:14     | XOM: medium Conj miscast
 23118 | D:14     | Found Qowoweirph's Magic Scroll Boutique.
 23399 | D:14     | Acquired Makhleb's third power
 23456 | D:15     | Entered Level 15 of the Dungeon
 23489 | D:15     | Reached skill level 1 in Invocations
 23778 | D:15     | Found a blossoming altar of Fedhas.
 23788 | D:15     | Reached skill level 14 in Axes
 23820 | D:15     | XOM: mild Chrm miscast
 24175 | D:15     | XOM: medium Pois miscast
 24260 | D:15     | Found a staircase to the Depths.
 24278 | D:15     | Your ally Hunamiq died
 24755 | D:15     | Acquired Makhleb's fourth power
 24870 | Depths:1 | Entered Level 1 of the Depths
 24898 | Depths:1 | Your ally Vocs died
 24914 | D:15     | Reached XP level 16. HP: 147/147 MP: 10/10
 24947 | Depths:1 | Reached skill level 5 in Invocations
 24976 | Depths:1 | Killed an octopode crusher
 25064 | Depths:1 | Acquired Makhleb's fifth power
 25089 | Depths:1 | Found a one-way gate to the infinite horrors of the Abyss.
 25097 | Depths:1 | Found a gateway to Hell.
 25262 | Depths:1 | XOM: give mutations
 25262 | Depths:1 | Lost mutation: Your muscles are very strong. (Str +4) [Xom's mischief]
 25262 | Depths:1 | Lost mutation: Your muscles are strong. (Str +2) [Xom's mischief]
 25262 | Depths:1 | Gained mutation: Scrolls take you a little longer to read. [Xom's mischief]
 25266 | Depths:1 | Noticed Aizul
 25281 | Depths:1 | Killed Aizul
 25310 | Depths:1 | Noticed Saint Roka
 25351 | Depths:1 | Killed Saint Roka
 25371 | Depths:1 | HP: 6/148 [fire giant/bolt of fire (35)]
 25399 | Depths:1 | Noticed Sojobo
 25402 | Depths:1 | Noticed a tengu reaver
 25403 | Depths:1 | Noticed a tengu reaver
 25687 | Lair:1   | XOM: mild Chrm miscast
 25740 | Lair:2   | XOM: mild Fire miscast
 25856 | Shoals:1 | Entered Level 1 of the Shoals
 25868 | Shoals:1 | Reached skill level 15 in Axes
 25946 | Shoals:1 | Found Ekioly's Jewellery Shoppe.
 25983 | Shoals:1 | XOM: mild Fire miscast
 26317 | Shoals:1 | XOM: medium Trmt miscast
 26487 | Shoals:1 | Got a wavering bone ring
 26490 | Shoals:1 | Identified the ring of Heuv {+Fly rC+} (You found it on level 1 of the Shoals)
 26749 | Shoals:2 | Noticed Polyphemus
 26845 | Shoals:2 | Killed Polyphemus
 26851 | Shoals:2 | Reached XP level 17. HP: 143/157 MP: 10/10
 27052 | Shoals:2 | Reached skill level 10 in Invocations
 27172 | Shoals:2 | XOM: mild Chrm miscast
 27459 | Shoals:3 | XOM: mild Hex miscast
 27660 | Shoals:3 | XOM: summons 14 hostile demons
 27767 | Shoals:3 | XOM: blink monster(s)
 27898 | Shoals:4 | Entered Level 4 of the Shoals
 27923 | Shoals:4 | XOM: noise
 27939 | Shoals:4 | Noticed Donald
 27953 | Shoals:4 | XOM: repel stairs
 27965 | Shoals:4 | Killed Donald
 27995 | Shoals:4 | Got a dazzling shield
 27998 | Shoals:4 | Identified the +2 shield "Ysof" {rElec rPois Dex-5 Stlth+} (You took it off Donald on level 4 of the Shoals)
 28078 | Shoals:4 | Got a transparent scale mail
 28081 | Shoals:4 | Identified the +4 scale mail of Whack-A-Mole {Dex+4} (You found it on level 4 of the Shoals)
 28102 | Shoals:4 | Noticed Ilsuiw
 28159 | Shoals:4 | XOM: noise
 28162 | Shoals:4 | Killed Ilsuiw
 28258 | Shoals:4 | XOM: give mutations
 28258 | Shoals:4 | Gained mutation: You occasionally shout uncontrollably at your foes. [Xom's mischief]
 28258 | Shoals:4 | Lost mutation: You have sharp fingernails. [Xom's mischief]
 28258 | Shoals:4 | Gained mutation: Your mind is acute. (Int +2) [Xom's mischief]
 28291 | Shoals:4 | Noticed Nikola
 28320 | Shoals:4 | Killed Nikola
 28346 | Shoals:4 | Got a warped glass ring
 28349 | Shoals:4 | Identified the ring "Kaomnar" {+Fly AC+6 Str+5 Int+4 Stlth+} (You found it on level 4 of the Shoals)
 28364 | Shoals:4 | Identified the Incunabulum of the Peculiar Curses (You found it on level 4 of the Shoals)
 28801 | Shoals:4 | XOM: summons 4 hostile shadow creatures
 28896 | Shoals:4 | Got a barnacled rune of Zot
 29109 | Shoals:4 | XOM: noise
 29140 | Shoals:4 | Got a pair of faintly humming gloves
 29151 | Shoals:4 | Identified the +2 pair of gloves "Tafac" {Slay+5} (You took it off Nikola on level 4 of the Shoals)
 29321 | Lair:5   | XOM: summons 2 hostile shadow creatures
 29420 | Spider:1 | Entered Level 1 of the Spider Nest
 29521 | Spider:1 | Gained mutation: You passively map a large area around you. [Deep Dwarf growth]
 29521 | Spider:1 | Reached XP level 18. HP: 168/168 MP: 11/11
 30446 | Spider:2 | XOM: give mutation
 30446 | Spider:2 | Lost mutation: Your spells are a little easier to cast, but a little less powerful. [Xom's mischief]
 30548 | Spider:2 | XOM: give mutations
 30548 | Spider:2 | Lost mutation: Your mind is acute. (Int +2) [Xom's mischief]
 30548 | Spider:2 | Lost mutation: Scrolls take you a little longer to read. [Xom's mischief]
 30548 | Spider:2 | Lost mutation: You occasionally shout uncontrollably at your foes. [Xom's mischief]
 30548 | Spider:2 | Gained mutation: Scrolls take you a little longer to read. [Xom's mischief]
 30880 | Spider:3 | XOM: noise
 30926 | Spider:3 | Noticed Roxanne
 30953 | Spider:3 | Killed Roxanne
 31213 | Spider:3 | XOM: draining
 31257 | Spider:3 | XOM: medium Necr miscast
 31286 | Spider:3 | XOM: give mutation
 31286 | Spider:3 | Gained mutation: You are clumsy. (Dex -2) [Xom's mischief]
 31523 | Spider:4 | Entered Level 4 of the Spider Nest
 31666 | Spider:4 | Reached skill level 15 in Shields
 31696 | Spider:4 | Gained mutation: Armour fits poorly on your strangely shaped body. [potion of mutation]
 31952 | Spider:4 | XOM: give mutation
 31952 | Spider:4 | Lost mutation: Scrolls take you a little longer to read. [Xom's mischief]
 31952 | Spider:4 | Was forgiven by Xom
 32084 | Spider:4 | Got a gossamer rune of Zot
 32793 | Elf:1    | Entered Level 1 of the Elven Halls
 32924 | Elf:1    | Identified the Collected Works on the Escort (You found it on level 1 of the Elven Halls)
 33124 | Elf:1    | Found Asiown's Book Boutique.
 33336 | Elf:1    | Got a crude scale mail
 33337 | Elf:1    | Identified the +6 scale mail of the Cuttlefish {-Tele rC+ Int+5 Dex-3} (You found it on level 1 of the Elven Halls)
 33712 | Elf:2    | Found a radiant altar of Vehumet.
 33998 | Elf:2    | Reached XP level 19. HP: 176/176 MP: 13/13
 34028 | Elf:2    | Found a runed gate.
 34028 | Elf:2    | Found a runed gate.
 34029 | Elf:2    | Found a runed gate.
 34075 | Elf:2    | Got a translucent leather armour
 34076 | Elf:2    | Identified the cursed +1 leather armour "Syerruu" {rC+ Regen+ Str+4 Int-3} (You found it on level 2 of the Elven Halls)
 34152 | Elf:2    | Reached skill level 16 in Axes
 34157 | Elf:2    | Reached skill level 15 in Invocations
 34472 | Elf:3    | Entered Level 3 of the Elven Halls
 34630 | Elf:3    | Found an ancient bone altar of Kikubaaqudgha.
 34877 | Elf:3    | Reached skill level 15 in Armour
 35214 | Elf:3    | Identified Vehumet's Collected Works on Fiery Attacks (You found it on level 3 of the Elven Halls)
 35361 | Elf:3    | Identified the Catalogue of Creative Combat Magic (You found it on level 3 of the Elven Halls)
 35364 | Elf:3    | Got a heavily runed bone amulet
 35365 | Elf:3    | Identified the amulet of the Komodo Dragon {Inacc Str+4 SInv} (You found it on level 3 of the Elven Halls)
 36081 | Slime:1  | Entered Level 1 of the Pits of Slime
 36198 | Slime:3  | Reached XP level 20. HP: 17/187 MP: 7/15
 36200 | Slime:3  | Reached skill level 17 in Shields
 36675 | Slime:5  | Noticed Shredu92's ghost (mighty HOFi)
 36742 | Slime:5  | Killed Shredu92's ghost
 36768 | Slime:6  | Entered Level 6 of the Pits of Slime
 36995 | Slime:5  | Gained mutation: You are very clumsy. (Dex -4) [a shining eye]
 37276 | Slime:6  | Noticed the royal jelly
 37301 | Slime:6  | Killed the royal jelly
 37301 | Slime:6  | Found a viscous altar of Jiyva.
 37373 | Slime:6  | Got a twisted robe
 37374 | Slime:6  | Identified the +1 robe "Onozej Gury" {*Confuse Int+4} (You found it on level 6 of the Pits of Slime)
 37431 | Slime:6  | Got a slimy rune of Zot
 37435 | Slime:6  | Got a smoking chain mail
 37436 | Slime:6  | Identified the +6 chain mail "Xirin" {+Blink Str+4} (You found it on level 6 of the Pits of Slime)
 37574 | Slime:6  | Got a scorched plate armour
 37575 | Slime:6  | Identified the +10 plate armour of Brilliance {+Blink Int+3 SInv} (You found it on level 6 of the Pits of Slime)
 38207 | Depths:1 | Killed Sojobo
 38213 | Depths:1 | Killed a tengu reaver
 38223 | Depths:1 | Killed a tengu reaver
 38455 | Depths:1 | Found a one-way gate leading to the halls of Pandemonium.
 38991 | Depths:2 | Reached XP level 21. HP: 195/195 MP: 16/16
 39215 | Depths:2 | Reached skill level 15 in Dodging
 39326 | Depths:2 | Noticed a juggernaut
 39348 | Depths:2 | Killed a juggernaut
 39348 | Depths:2 | Reached skill level 18 in Armour
 39927 | Depths:3 | Gained mutation: Scrolls take you a little longer to read. [a shining eye]
 39992 | Depths:3 | Reached skill level 19 in Armour
 40007 | Depths:3 | Found a sparkling altar of Nemelex Xobeh.
 40007 | Depths:3 | Found a shadowy altar of Dithmenos.
 40008 | Depths:3 | Found a sacrificial altar of Ru.
 40500 | Depths:3 | Reached skill level 20 in Armour
 40586 | Depths:3 | Reached XP level 22. HP: 204/204 MP: 17/17
 40589 | Depths:3 | Noticed a juggernaut
 40611 | Depths:3 | Killed a juggernaut
 40655 | Depths:3 | Got a polished chain mail
 40658 | Depths:3 | Identified the +4 chain mail "Nozoin" {MR- Str+4 Slay+4} (You found it on level 3 of the Depths)
 40669 | Depths:3 | Learned a level 9 spell: Shatter
 40678 | Depths:3 | Learned a level 6 spell: Statue Form
 40869 | Depths:3 | Noticed a juggernaut
 40881 | Depths:3 | Killed a juggernaut
 41096 | Depths:3 | Reached skill level 21 in Armour
 41460 | Depths:4 | Noticed Xtahua
 41481 | Depths:4 | Killed Xtahua
 41518 | Depths:4 | Found a gateway to a ziggurat.
 41704 | Depths:4 | Noticed a juggernaut
 41731 | Depths:4 | Killed a juggernaut
 41832 | Depths:4 | Noticed Louise
 41845 | Depths:4 | Killed Louise
 42188 | Depths:4 | Learned a level 5 spell: Dispel Undead
 42274 | Depths:5 | Entered Level 5 of the Depths
 42296 | Depths:5 | Reached XP level 23. HP: 127/211 MP: 18/18
 42309 | Depths:5 | Found a gate to the Realm of Zot.
 42441 | Depths:5 | Noticed a juggernaut
 42447 | Depths:5 | Reached skill level 22 in Armour
 42475 | Depths:5 | Killed a juggernaut
 42505 | Depths:5 | Found a magical portal.
 42510 | WizLab   | Entered Iskenderun's Mystic Tower
 42792 | WizLab   | Identified Iskenderun's Papyrus of Aerial Confrontation (You found it in a wizard's laboratory)
 42800 | WizLab   | Identified Iskenderun's Reference Book on Flamy Conjuration (You found it in a wizard's laboratory)
 42806 | WizLab   | Identified the Incunabulum of Conjuration and Air (You found it in a wizard's laboratory)
 44266 | Vaults:1 | Entered Level 1 of the Vaults
 45656 | Vaults:2 | Noticed Margery
 45680 | Vaults:2 | Killed Margery
 45686 | Vaults:2 | Reached XP level 24. HP: 184/218 MP: 18/18
 46060 | Vaults:2 | Found a staircase to the Crypt.
 46060 | Vaults:2 | Found an ancient bone altar of Kikubaaqudgha.
 46061 | Vaults:2 | Found a basalt altar of Yredelemnul.
 46787 | Vaults:3 | Found a portal to a secret trove of treasure.
 46910 | Vaults:3 | Found a flickering gateway to a bazaar.
 46924 | Bazaar   | Entered a bazaar
 46924 | Bazaar   | Found Ibunesin's Antique Weapon Emporium.
 46931 | Bazaar   | Found Ticitsod's General Store.
 46950 | Bazaar   | Found Ydute's Distillery.
 46961 | Bazaar   | Found Juimpado's Gadget Shop.
 46969 | Bazaar   | Found Hyuheis's Antique Armour Shop.
 47002 | Bazaar   | Bought a potion of heal wounds for 65 gold pieces
 47002 | Bazaar   | Bought a potion of resistance for 130 gold pieces
 47002 | Bazaar   | Bought 2 potions of heal wounds for 130 gold pieces
 47002 | Bazaar   | Bought a potion of resistance for 130 gold pieces
 47015 | Bazaar   | Bought a scroll of brand weapon for 360 gold pieces
 48452 | Vaults:4 | Reached skill level 15 in Evocations
 48563 | Vaults:4 | Reached skill level 10 in Spellcasting
 48965 | Vaults:4 | Found Taluerrefu's Armour Boutique.
 49408 | Vaults:5 | Entered Level 5 of the Vaults
 49425 | Vaults:5 | Reached XP level 25. HP: 225/225 MP: 20/20
 49427 | Vaults:5 | Noticed Restia's ghost (great FoFi)
 49436 | Vaults:5 | Noticed Fizybubbleh's ghost (great TrMo)
 49452 | Vaults:5 | Killed Restia's ghost
 49485 | Vaults:5 | Killed Fizybubbleh's ghost
 49525 | Vaults:5 | Got a bronze plate armour
 49528 | Vaults:5 | Identified the cursed +1 plate armour "Tuyxeh" {-Tele Int+4 Dex+2} (You found it on level 5 of the Vaults)
 49554 | Vaults:5 | Noticed an ancient lich
 49570 | Vaults:5 | Killed an ancient lich
 49819 | Vaults:5 | Learned a level 1 spell: Apportation
 50071 | Vaults:5 | Noticed an ancient lich
 50084 | Vaults:5 | Killed an ancient lich
 50153 | Vaults:5 | Got a smelly plate armour
 50156 | Vaults:5 | Identified the +7 plate armour "Epruebb" {rElec rN+ Str+3} (You found it on level 5 of the Vaults)
 50163 | Vaults:5 | Got a fine ring mail
 50166 | Vaults:5 | Identified the +4 ring mail of Analysis {Int+3 Dex+4 Stlth+} (You found it on level 5 of the Vaults)
 50296 | Vaults:5 | Noticed drd's ghost (great DsFi)
 50307 | Vaults:5 | Noticed an ancient lich
 50330 | Vaults:5 | Killed an ancient lich
 50354 | Vaults:5 | Killed drd's ghost
 50385 | Vaults:5 | Got a silver rune of Zot
 50401 | Vaults:5 | Got a bloodstained leather armour
 50404 | Vaults:5 | Identified the +1 leather armour of Sorcery {rPois rN++ Int-4} (You found it on level 5 of the Vaults)
 50535 | Vaults:5 | Got a coiled brass ring
 50672 | Vaults:5 | Identified the ring "Ubiyf" {rPois Dex+5} (You took it off a yaktaur captain on level 5 of the Vaults)
 53237 | Zot:1    | Entered Level 1 of the Realm of Zot
 53367 | Zot:1    | Reached XP level 26. HP: 220/234 MP: 22/22
 54569 | Zot:2    | Noticed an orb of fire
 54603 | Zot:2    | Killed an orb of fire
 54603 | Zot:2    | Reached skill level 23 in Evocations
 55361 | Zot:3    | Reached skill level 24 in Evocations
 55381 | Zot:3    | Got a polished chain mail
 55384 | Zot:3    | Identified the +4 chain mail of the Dropbear {+Inv Dex+4} (You found it on level 3 of the Realm of Zot)
 56197 | Zot:4    | Reached XP level 27. HP: 241/241 MP: 0/24
 56205 | Zot:4    | Reached skill level 25 in Evocations
 56967 | Vaults:3 | You paid a toll of a +6 demon whip to enter a treasure trove
 56968 | Trove    | Entered a treasure trove
 57004 | Trove    | Got a coiled jade ring
 57017 | Trove    | Identified the ring "Jifaufree" {SustAt Str+4} (You found it in a treasure trove)
 57031 | Trove    | Got a brightly glowing flail
 57034 | Trove    | Identified the +11 flail of the Six Seas {freeze, MR++} (You found it in a treasure trove)
 57376 | Depths:1 | Voluntarily entered the Abyss.
 57633 | Abyss:1  | Got a brightly glowing ring mail
 57637 | Abyss:1  | Identified the cursed +1 ring mail of Insecurity {rC++} (You found it on level 1 of the Abyss)
 57845 | Abyss:1  | Found an opulent altar of Gozag.
 58215 | Abyss:1  | Reached skill level 26 in Evocations
 58699 | Abyss:3  | Got an abyssal rune of Zot
 58733 | Abyss:3  | Found a corrupted altar of Lugonu.
 58749 | Depths:1 | Escaped the Abyss
 59006 | Zig:1    | Entered Level 1 of a ziggurat
 59033 | Zig:2    | Entered Level 2 of a ziggurat
 59179 | Zig:2    | Identified a +4 rod of the swarm (13/13) (You found it on level 2 of a ziggurat)
 59213 | Zig:3    | Entered Level 3 of a ziggurat
 59264 | Zig:4    | Entered Level 4 of a ziggurat
 59312 | Zig:4    | Reached skill level 27 in Evocations
 59334 | Zig:5    | Entered Level 5 of a ziggurat
 59392 | Zig:5    | Learned a level 6 spell: Haste
 59399 | Zig:6    | Entered Level 6 of a ziggurat
 59444 | Zig:6    | Identified a +9 rod of clouds (9/9) (You found it on level 6 of a ziggurat)
 59459 | Zig:7    | Entered Level 7 of a ziggurat
 59556 | Zig:7    | Gained mutation: You possess an exceptional clarity of mind. [potion of beneficial mutation]
 59580 | Zig:8    | Entered Level 8 of a ziggurat
 59677 | Zig:8    | Reached skill level 15 in Fighting
 59793 | Zig:9    | Entered Level 9 of a ziggurat
 59888 | Zig:10   | Entered Level 10 of a ziggurat
 59979 | Zig:10   | Got a fine platinum ring
 59984 | Zig:10   | Identified the ring of Pedum {Ice Int+2} (You found it on level 10 of a ziggurat)
 59994 | Zig:11   | Entered Level 11 of a ziggurat
 60114 | Zig:11   | Identified the Catalogue of Lucky Moulding
 60135 | Zig:12   | Entered Level 12 of a ziggurat
 60221 | Zig:13   | Entered Level 13 of a ziggurat
 60295 | Zig:13   | Identified a +7 rod of shadows (9/9) (You found it on level 13 of a ziggurat)
 60382 | Zig:14   | Entered Level 14 of a ziggurat
 60528 | Zig:14   | Identified a +2 rod of the swarm (14/14) (You found it on level 14 of a ziggurat)
 60545 | Zig:14   | Identified Watumeon's Almanac of Freezing Evil
 60551 | Zig:14   | Learned a level 4 spell: Control Undead
 60619 | Hell     | Entered the Vestibule of Hell
 60619 | Hell     | Noticed Geryon
 60632 | Hell     | Killed Geryon
 60711 | Hell     | Found a gateway to the ashen valley of Gehenna.
 60814 | Hell     | Found a gateway to the Iron City of Dis.
 60936 | Hell     | Found a gateway to the freezing wastes of Cocytus.
 61069 | Hell     | Reached skill level 10 in Maces & Flails
 61103 | Hell     | Found a gateway to the decaying netherworld of Tartarus.
 61226 | Dis:1    | Entered Level 1 of the Iron City of Dis
 61888 | Dis:7    | Entered Level 7 of the Iron City of Dis
 62002 | Dis:7    | Gained mutation: You are dopey. (Int -2) [mutagenic glow]
 62516 | Dis:7    | Noticed Dispater
 62627 | Dis:7    | Killed Dispater
 62728 | Dis:7    | Got an iron rune of Zot
 62979 | Tar:1    | Entered Level 1 of Tartarus
 64598 | Tar:7    | Entered Level 7 of Tartarus
 64883 | Tar:7    | Noticed Ereshkigal
 64937 | Tar:7    | Killed Ereshkigal
 64967 | Tar:7    | Got a bone rune of Zot
 65167 | Coc:1    | Entered Level 1 of Cocytus
 65214 | Coc:1    | You fall through a shaft!
 65362 | Coc:7    | Entered Level 7 of Cocytus
 65751 | Coc:7    | Noticed the Serpent of Hell
 65774 | Coc:7    | Killed the Serpent of Hell
 65774 | Coc:7    | Reached skill level 27 in Armour
 65844 | Coc:7    | Reached skill level 15 in Spellcasting
 65931 | Coc:7    | Noticed Antaeus
 65954 | Coc:7    | HP: 7/261 [iron dragon skeleton[the effects of Hell] (8)]
 65955 | Coc:7    | HP: 1/261 [Antaeus/flash freeze (31)]
 65966 | Coc:7    | Killed Antaeus
 65987 | Coc:7    | Got an icy rune of Zot
 66030 | Coc:7    | Got a translucent chain mail
 66125 | Coc:7    | Lost dexterity.
 66192 | Coc:7    | Lost dexterity.
 68434 | Crypt:1  | Entered Level 1 of the Crypt
 69059 | Crypt:1  | Identified the +8 chain mail of Mutyma {rN+ MR+ MP+9 Dex+4} (You found it on level 7 of Cocytus)
 69072 | Crypt:1  | Got a translucent leather armour
 69083 | Crypt:1  | Identified the +5 leather armour of Death Resistance {rC+} (You found it on level 1 of the Crypt)
 69095 | Crypt:1  | Got a faintly glowing large shield
 69106 | Crypt:1  | Identified the +5 large shield of Ceill {rC+ rCorr Str+3 Int-2} (You found it on level 1 of the Crypt)
 69471 | Crypt:2  | Got an encrusted ring mail
 69482 | Crypt:2  | Identified the +1 ring mail "Waungefi" {rElec rN+ Dex-5 SInv} (You found it on level 2 of the Crypt)
 69482 | Crypt:2  | Lost dexterity.
 69778 | Crypt:3  | Entered Level 3 of the Crypt
 70181 | Crypt:3  | Found a staircase to the Tomb.
 70289 | Crypt:3  | Noticed an ancient lich
 70294 | Crypt:3  | Killed an ancient lich
 70379 | Tomb:1   | Entered Level 1 of the Tomb of the Ancients
 72265 | Tomb:3   | Entered Level 3 of the Tomb of the Ancients
 72382 | Tomb:3   | Noticed an ancient lich
 72398 | Tomb:3   | Killed an ancient lich
 72414 | Tomb:3   | Noticed an ancient lich
 72423 | Tomb:3   | Killed an ancient lich
 72579 | Tomb:3   | Identified the Incunabulum of Dislocation and Talismans
 72584 | Tomb:3   | Got a faintly glowing jade ring
 72586 | Tomb:3   | Identified the ring "Wegish" {rC+ Int+4} (You found it on level 3 of the Tomb of the Ancients)
 72594 | Tomb:3   | Got an encrusted chain mail
 72719 | Tomb:3   | Got a golden rune of Zot
 73469 | Crypt:3  | Found an ancient bone altar of Kikubaaqudgha.
 73492 | Crypt:3  | Noticed an ancient lich
 73518 | Crypt:3  | Killed an ancient lich
 74264 | Geh:1    | Entered Level 1 of Gehenna
 75045 | Geh:7    | Entered Level 7 of Gehenna
 75279 | Geh:7    | Noticed Asmodeus
 75357 | Geh:7    | Killed Asmodeus
 75368 | Geh:7    | Identified the +7 chain mail of Death's Door {rF+ MR+ Str-3 Dex+2} (You found it on level 3 of the Tomb of the Ancients)
 75409 | Geh:7    | Got a faintly glowing cloak
 75412 | Geh:7    | Identified the +1 cloak "Qoxuaf" {+Inv rCorr} (You found it on level 7 of Gehenna)
 75422 | Geh:7    | Got a coiled lead ring
 75425 | Geh:7    | Got a faintly glowing silver ring
 75429 | Geh:7    | Identified the ring of Tofiggock {rPois MR+ Int+4 Dex+2} (You found it on level 7 of Gehenna)
 75431 | Geh:7    | Identified the ring of Xom's Indignation {rPois rC+ Str+3 Int-3} (You found it on level 7 of Gehenna)
 75463 | Geh:7    | Got an obsidian rune of Zot
 75758 | Pan      | Entered Pandemonium
 75961 | Pan      | Noticed Koewet Ytra the pandemonium lord
 75974 | Pan      | Killed Koewet Ytra the pandemonium lord
 76093 | Pan      | Found an exit through the horrors of the Abyss.
 76216 | Pan      | Noticed Jatewiakk the pandemonium lord
 76226 | Pan      | Killed Jatewiakk the pandemonium lord
 76226 | Pan      | Reached skill level 27 in Fighting
 76247 | Pan      | Reached skill level 15 in Maces & Flails
 76261 | Pan      | Found an exit through the horrors of the Abyss.
 76909 | Pan      | Noticed Isotataz the pandemonium lord
 76922 | Pan      | Killed Isotataz the pandemonium lord
 76947 | Pan      | Got a demonic rune of Zot
 77206 | Pan      | Gained mutation: You are frail (-10% HP). [a neqoxec]
 77207 | Pan      | Gained mutation: Your spells are a little easier to cast, but a little less powerful. [a neqoxec]
 77215 | Pan      | Entered the realm of Gloorx Vloq.
 77245 | Pan      | Found an exit through the horrors of the Abyss.
 77383 | Pan      | Noticed Gloorx Vloq
 77402 | Pan      | Killed Gloorx Vloq
 77447 | Pan      | Got a dark rune of Zot
 77701 | Pan      | Found an exit through the horrors of the Abyss.
 77728 | Pan      | Noticed Musots the pandemonium lord
 77746 | Pan      | Killed Musots the pandemonium lord
 77820 | Pan      | Entered the realm of Mnoleg.
 77820 | Pan      | Noticed Mnoleg
 77828 | Pan      | Killed Mnoleg
 77875 | Pan      | Paralysed by a giant eyeball for 3 turns
 77883 | Pan      | Paralysed by a giant eyeball for 2 turns
 77910 | Pan      | Got a glowing rune of Zot
 77949 | Pan      | Found an exit through the horrors of the Abyss.
 78046 | Pan      | Found an exit through the horrors of the Abyss.
 78382 | Pan      | Found an exit through the horrors of the Abyss.
 78466 | Pan      | Noticed Etess the pandemonium lord
 78484 | Pan      | Killed Etess the pandemonium lord
 78741 | Pan      | Found an exit through the horrors of the Abyss.
 78809 | Depths:1 | Escaped Pandemonium
 78811 | Pan      | Entered Pandemonium
 78824 | Pan      | Entered the realm of Cerebov.
 79045 | Pan      | Got a sparkling graven amulet
 79063 | Pan      | Noticed Cerebov
 79162 | Pan      | HP: 11/268 [Cerebov/iron shot (30)]
 79167 | Pan      | Killed from afar by Cerebov

Vault maps used:
D:1:      evilmike_arrival_crescent
D:3:      nicolae_overflow_hidden_temple, grunt_dithmenos_smoke,
          nicolae_ru_path_of_blood
D:4:      kiku_gazebo_pond_becter, grunt_gozag_breadcrumbs, first_bread,
          hangedman_decor_diamond_cutter, st_stairs_13, uniq_eustachio
D:5:      kennysheep_little_box, uniq_duvessa
D:6:      temple_statues, grunt_ministairs_3, uniq_pikel
D:7:      uniq_joseph
D:8:      kennysheep_mini, serial_shops, shop_fountains, grunt_livestock,
          uniq_erica
D:9:      serial_glass, glass_columns_b, glass_columns_a,
          hangedman_decor_opposing
D:11:     erik_lair_dragon, orc_0_dummy
D:12:     basic_altar, minmay_statue_bubble
D:13:     serial_shops, nicolae_shop_behind_doors
D:14:     lightli_vaults_fourway_checkpoint, dk_noncrumbling_2, serial_shops,
          shop, uniq_agnes
D:15:     gammafunk_depths_entry_grave, minivault_25, fedhas_altar_3
Temple:   circular_temple_12
Lair:1:   zaba_antful_of_joy
Lair:3:   hibernation_bobbens, serial_bayou_shore_a, uniq_urug, uniq_fannar
Lair:4:   minmay_lair_oklob_items, basic_altar, dpeg_oklob_1
Lair:5:   elwin_shoals_entry_rocks
Lair:6:   spider_nest_entry_a, dpeg_slime_entry_enclosed_altar, uniq_rupert
Lair:7:   bh_autumn_forest_stairs, grunt_megastairs_1, uniq_kirke
Lair:8:   grunt_lair_end_beastmaster, basic_altar, minmay_lair_drake_nest
Shoals:1: serial_shops, shop
Shoals:2: uniq_polyphemus
Shoals:4: shoals_end_simple, shoals_ilsuiw_alternative,
          nicolae_shoals_circle_sea_wall, uniq_donald, uniq_nikola
Spider:1: spider_trap, nicolae_trapdoor_corridor
Spider:3: uniq_roxanne
Spider:4: grunt_spider_rune_parallel
Slime:3:  nicolae_slime_jelly_donut, nicolae_slime_welcoming_committee
Orc:1:    uniq_maurice
Orc:2:    basic_altar
Orc:3:    portal_ice_cave_entry_ice_beasts, serial_shops, shop,
          nicolae_orc_pool_cavern
Orc:4:    grunt_orc_cross, lab_entry_generic
Elf:1:    serial_shops, shop, minmay_elf_demonology
Elf:2:    basic_altar
Elf:3:    minmay_elf_hall, basic_altar, small_chamber_with_monster
Vaults:1: nicolae_vaults_big_ls, ontoclasm_vaults_echo, hangedman_vaults_unwind,
          v_alt_pattern_5, grunt_vaults_diagonal, v_misc_8,
          vaults_room_stairs_pillars, nicolae_vaults_little_squares_1,
          nicolae_vaults_little_squares_4
Vaults:2: minmay_crypt_entry_necro_gods, vaults_dpeg_diagonal, v_pattern_2,
          ontoclasm_vaults_shuriken, v_misc_25, hangedman_vaults_stagger,
          ontoclasm_vaults_loading_screen, nicolae_vaults_theta,
          vaults_standard_mumra_enter_the_diamond, v_rooms_2,
          nicolae_vaults_disjoint_gnomons, dpeg_vaults_monster_box, v_misc_14,
          uniq_margery
Vaults:3: ontoclasm_vaults_loading_screen, hangedman_vaults_maws,
          ontoclasm_vaults_spin, dpeg_vaults_monster_row, v_pattern_1,
          nicolae_vaults_little_squares_3, nicolae_vaults_hallways_thing,
          nicolae_vaults_circle_grid_a, nicolae_vaults_yaktaur_gun_rack,
          vaults_room_grunt_arrival_checkpoint, grunt_vaults_focal,
          vaults_room_door_ring, hangedman_vaults_corner_blocks,
          vaults_dpeg_encased_lava, enter_trove_6, serial_shops, bzr_entry_safe
Vaults:4: vaults_mumra_minichess_inversion, vaults_room_stairs_pillars,
          nicolae_vaults_windows_and_doors_thing, ontoclasm_vaults_bender,
          v_pattern_3, hangedman_vaults_nails, v_misc_13, vaults_room_corners,
          vaults_room_grid, vaults_room_hangedman_quadrants,
          ontoclasm_vaults_fault, nicolae_vaults_little_ls, serial_shops,
          nicolae_shop_waterfront
Vaults:5: serial_shops
Crypt:1:  evilmike_wizard_prison, grunt_megastairs_2
Crypt:2:  hex_tiny, basic_stair_grate_trap
Crypt:3:  quadcrypt_mu
Depths:1: hell_entry, rand_demon_pan_entry_4, abyss_entry,
          kennysheep_small_spiral, kennysheep_underground_church, uniq_aizul,
          uniq_saint_roka, uniq_sojobo
Depths:2: minmay_quantized_circle, serial_glass, glass_columns_b,
          glass_columns_a, glass_columns_a, glass_columns_a, glass_columns_b,
          glass_columns_c, glass_columns_c, glass_columns_a, glass_columns_a,
          glass_columns_a, pf_hell_entry_tar_spiral, abyss_entry,
          serial_bayou_ford_a
Depths:3: hangedman_slaughterboxes, serial_shops, pan_entry, hell_entry,
          abyss_entry
Depths:4: minmay_expanding_squares, enter_ziggurat_c,
          hangedman_abyss_or_decor_lesser_grid,
          nicolae_abyss_entry_one_way_or_another, pf_vacation_house_of_asmodeus,
          minmay_staircase_statues, uniq_xtahua
Depths:5: grunt_zot_entry_tricorne, mu_enter_wizlab_2, lightli_too_deep,
          hangedman_stitches_earthworm
Dis:4:    hangedman_dis_decor_tower
Dis:6:    hangedman_dis_decor_blocks_talon
Dis:7:    iron_city_of_dis
Geh:4:    lemuel_hellish_altar
Geh:5:    nicolae_geh_lava_in_the_way
Geh:7:    geh_mu
Coc:7:    coc_old
Tar:2:    nicolae_tar_cuneiform_bird, nicolae_tar_cuneiform_oil
Tar:7:    tar_old
Zot:2:    grunt_megastairs_3, basic_stair_grate_trap
Abyss:2:  evilmike_abyss_exit_15
Abyss:3:  evilmike_abyss_rune_tentacle_tunnel
Pan:      evilmike_mini_pan_pillars_b, enter_ziggurat_pan_a, pan_surprise,
          nicolae_pan_door_chamber, nicolae_pan_sigil_eeng,
          evilmike_mini_pan_corner, rand_demon_9, rand_demon_4,
          pan_blood_fountain_small, pan_blood_fountain_2, reaverb_pan_squares,
          nicolae_pan_gloorx_vloqian_2, nicolae_pan_sigil_uleosi,
          evilmike_mini_pan_V, evilmike_mini_pan_doors, rand_demon_5,
          nicolae_pan_gloorx_vloqian_2, evilmike_mini_pan_possible_glass,
          pan_blood_fountain, nicolae_pan_sigil_uleosi,
          nicolae_pan_cerebovesque_1, gloorx_vloq_st, grunt_pan_spiral,
          nicolae_pan_mnolegish_3, nicolae_pan_door_chamber,
          pan_blood_fountain_small, nicolae_pan_cerebovesque_2,
          nicolae_pan_glass_arcs, pan_blood_fountain_2, evilmike_mnoleg_eyes,
          rand_demon_2, pan_blood_fountain, evilmike_mini_pan_rooms,
          grunt_pan_sceptre, grunt_pan_frozen_over, grunt_pan_in_and_out,
          pan_blood_fountain_small, pan_blood_fountain,
          evilmike_mini_pan_corner, nicolae_pan_sigil_itan,
          nicolae_pan_gloorx_vloqian_1, pan_captured_pigsty,
          lemuel_hall_of_pain, rand_demon_3, cerebov
Lab:      nicolae_lab_dead_adventurers, nicolae_lab_hexagon, nicolae_lab_grate,
          nicolae_lab_lava, nicolae_lab_very_dead_end, nicolae_lab_grate_2,
          lab_block, labyrinth_skeletal_remains, nicolae_lab_checkerboard,
          lab_fountain, labyrinth_lava_lair
Bazaar:   bazaar_lake
Trove:    trove_simple
IceCv:    ice_cave_statue_garden_02
WizLab:   wizlab_iskenderun

Action                   |  1- 3 |  4- 6 |  7- 9 | 10-12 | 13-15 | 16-18 | 19-21 | 22-24 | 25-27 || total
-------------------------+-------+-------+-------+-------+-------+-------+-------+-------+-------++-------
Melee: Hand axe          |   150 |   127 |   369 |   710 |    14 |       |       |       |       ||  1370
       Unarmed           |       |       |       |     2 |       |       |       |       |       ||     2
       Whip              |       |       |       |   108 |  1422 |       |       |       |       ||  1530
       Battleaxe         |       |       |       |    47 |       |       |       |       |       ||    47
       Broad axe         |       |       |       |       |   348 |  1834 |  1257 |  1979 |  4515 ||  9933
       Eveningstar       |       |       |       |       |       |       |       |       |  2333 ||  2333
 Cast: Repel Missiles    |       |       |       |       |       |       |       |       |     2 ||     2
Invok: Lesser Servant of |       |       |       |       |     1 |     2 |     2 |       |       ||     5
       Greater Servant o |       |       |       |       |       |     2 |     1 |       |       ||     3
       Major Destruction |       |       |       |       |       |       |       |       |     1 ||     1
 Abil: Device Recharging |       |     1 |     2 |     9 |     4 |     1 |       |       |    15 ||    32
       Evoke Fog         |       |       |       |       |       |       |       |       |    29 ||    29
Evoke: Wand              |     1 |     4 |    11 |    87 |    32 |     7 |    15 |     1 |    71 ||   229
       Sack of spiders   |       |       |       |     3 |       |       |       |       |     4 ||     7
       Deck              |       |       |       |       |     5 |    12 |       |       |     1 ||    18
       Lamp of fire      |       |       |       |       |       |       |     1 |       |    22 ||    23
       Rod               |       |       |       |       |       |       |       |       |    62 ||    62
       Disc of storms    |       |       |       |       |       |       |       |       |    36 ||    36
       Horn of Geryon    |       |       |       |       |       |       |       |       |    11 ||    11
       Box of beasts     |       |       |       |       |       |       |       |       |    10 ||    10
       Phial of floods   |       |       |       |       |       |       |       |       |     4 ||     4
       Phantom mirror    |       |       |       |       |       |       |       |       |     3 ||     3
  Use: Scroll            |     7 |     2 |     9 |    16 |    12 |    13 |    17 |    13 |    72 ||   161
       Potion            |       |     4 |     5 |     9 |       |     4 |     4 |     3 |    45 ||    74
 Stab: Paralysed         |     2 |     4 |    14 |    20 |     4 |       |       |       |     4 ||    48
       Confused          |     1 |       |     4 |    11 |     3 |       |       |       |       ||    19
       Invisible         |       |     6 |       |     6 |     5 |       |       |       |     1 ||    18
       Petrifying        |       |       |     2 |     3 |     3 |     1 |       |       |       ||     9
       Sleeping          |       |       |     1 |       |       |       |       |       |       ||     1
       Distracted        |       |       |       |     1 |     4 |       |     3 |       |     9 ||    17
       Petrified         |       |       |       |     3 |     1 |       |       |       |       ||     4
       Held in net/web   |       |       |       |       |       |       |       |       |     1 ||     1
  Eat: Chunk             |     4 |     8 |    14 |    21 |    19 |     5 |     2 |     9 |     8 ||    90
       Beef jerky        |       |       |     1 |     3 |       |     3 |     1 |       |     7 ||    15
       Fruit             |       |       |       |    11 |       |     2 |     2 |       |    17 ||    32
       Bread ration      |       |       |       |     5 |       |     1 |       |       |     1 ||     7
       Pizza             |       |       |       |       |     6 |     4 |     1 |     2 |     6 ||    19
       Meat ration       |       |       |       |       |     2 |     3 |     1 |     3 |    21 ||    30
       Royal jelly       |       |       |       |       |     1 |       |     4 |     1 |     4 ||    10
